 Dungeon Crawl Stone Soup version 0.28-a0-620-g539b0f7ac7 (webtiles) character file.

Game seed: 4391357070107830186

30 siradein the Insei (level 3, 0/27 HPs)
             Began as a Merfolk Transmuter on Oct 6, 2021.
             Succumbed to an adder's poison
             ... on level 2 of the Dungeon.
             The game lasted 00:01:53 (1624 turns).

siradein the Insei (Merfolk Transmuter)             Turns: 1624, Time: 00:01:54

Health: 0/27       AC:  2    Str: 10    XL:     3   Next: 20%
Magic:  4/6        EV: 13    Int: 13    God:
Gold:   60         SH:  0    Dex: 14    Spells: 0/6 levels left

rFire   . . .      SeeInvis .     - Unarmed
rCold   . . .      Faith    .   (no shield)
rNeg    . . .      Spirit   .   a - +0 robe
rPois   .          Reflect  .   (helmet currently unavailable)
rElec   .          Harm     .   (no cloak)
rCorr   .          Rampage  .   (no gloves)
Will    .....                   (boots currently unavailable)
Stlth   +.........              (no amulet)
HPRegen 0.09/turn               c - ring of flight
MPRegen 0.10/turn               (no ring)

@: lethally poisoned (0 -> -7), appendages (expiring), wereblooded (expiring),
flying
A: horns 2, (nimble swimmer 2), mertail
a: End Transformation


You were on level 2 of the Dungeon.
You had temporarily grown beastly horns.
You visited 1 branch of the dungeon, and saw 2 of its levels.

You collected 60 gold pieces.

Inventory:

Armour
 a - a +0 robe (worn)
Jewellery
 c - a ring of flight (left hand)
Scrolls
 d - a scroll of summoning {unknown}
 f - 2 scrolls of identify {unknown}
 g - a scroll of magic mapping {unknown}
Potions
 b - a potion of heal wounds {unknown}
 e - a potion of berserk rage {unknown}


   Skills:
 + Level 1.7 Fighting
 + Level 3.1 Dodging
 + Level 3.5 Unarmed Combat
 + Level 2.2 Spellcasting
 + Level 3.2 Transmutations


You couldn't memorise any spells.
You knew the following spells:

 Your Spells              Type           Power      Damage    Failure   Level
a - Beastly Appendage     Tmut           18%        N/A       7%          1
b - Wereblood             Tmut           9%         N/A       10%         2
c - Spider Form           Tmut/Pois      2%         N/A       36%         3

Your spell library contained the following spells:

 Spells                   Type           Power      Damage    Failure   Level
 Passwall                 Tmut/Erth      4%         N/A       19%         2
 Sandblast                Erth           2%         2d4       26%         1
 Stone Arrow              Conj/Erth      2%         3d7       58%         3
 Ice Form                 Ice/Tmut       5%         N/A       77%         4


Dungeon Overview and Level Annotations

Branches:
Dungeon (2/15)

Altars:


Innate Abilities, Weirdness & Mutations

You have temporarily grown beastly horns.
((You are quick and stealthy near water. (Stealth+, EV+, Speed+++)))
Your lower body shifts to a powerful aquatic tail in water.


Message History

You closely miss the adder.
The adder is moderately wounded.
You feel sick. The adder barely misses you.
You barely miss the adder.
The adder is moderately wounded.
You feel sick. The adder bites you.
You closely miss the adder.
The adder is moderately wounded.
You feel sick. The adder closely misses you. The adder bites you.
You are too injured to fight recklessly!
You are too injured to fight recklessly!
You are too injured to fight recklessly!
You closely miss the adder.
The adder is moderately wounded.
You feel sick.
You are no longer poisoned.
The adder misses you.
You hit the adder. Your headbutt misses the adder.
The adder is heavily wounded.
The adder bites you.
You miss the adder.
The adder is heavily wounded.
Your transformation is almost over.
The adder bites you.
You are poisoned.
The adder poisons you!
You hit the adder. You headbutt the adder.
The adder is almost dead.
You feel sick. The adder barely misses you. The adder bites you.
* * * LOW HITPOINT WARNING * * *
You are more poisoned.
The adder poisons you!
You closely miss the adder.
The adder is almost dead.
* * * LOW HITPOINT WARNING * * *
You feel sick. The adder closely misses you.
You miss the adder.
The adder is almost dead.
Your primal bloodlust is almost over.
You die...

##..# #.##.# #.# ###..
##.# #.##.# #.# #..#
###.###.##.# #.# #..#
#..........###.# #..#
#.#.......#.(..###
#.#.###.#........#######
#.#.# #<....#.........=.
..#.<..........#.######
###########...##@#
######S# #.# #.# #.# #.#
#.# #.#


You could see an adder.

Vanquished Creatures
  5 endoplasms (D:1)
  3 giant cockroaches
  5 goblins (D:1)
  A hobgoblin (D:1)
  2 jackals (D:1)
  3 kobolds
  2 ball pythons
  2 bats (D:1)
  2 frilled lizards (D:1)
  3 rats (D:1)
28 creatures vanquished.

Notes
Turn   | Place    | Note
-------+----------+-------------------------------------------
     0 | D:1      | siradein the Merfolk Transmuter began the quest for the
                  | Orb.
     0 | D:1      | Reached XP level 1. HP: 15/15 MP: 3/3
   291 | D:1      | Reached XP level 2. HP: 13/21 MP: 3/5
   294 | D:1      | Learned a level 2 spell: Wereblood
  1056 | D:1      | Reached XP level 3. HP: 24/26 MP: 3/6
  1060 | D:1      | Learned a level 3 spell: Spider Form
  1623 | D:2      | HP: 1/27 [poisoned by an adder]
  1624 | D:2      | Succumbed to an adder's poison

Illustrated notes

Levels and vault maps discovered:
D:1:      saegor_arrival_miasma, layout_loops_ring, st_stairs_8, minivault_5
D:2:      layout_loops_ring, shapermc_ecumenical_altar_totnotflames, basic_altar

Skill      XL: |  1  2 |
---------------+-------+-----
Transmutations | 3 |  3.2
Dodging        | 3 |  3.1
Fighting       | |  1.7
Unarmed Combat | |  3.5
Spellcasting   | |  2.2

Action                   || total
-------------------------++-------
Melee: Unarmed           ||    87
       Headbutt          ||     8
 Cast: Beastly Appendage ||    24
       Wereblood         ||     6
 Stab: Sleeping          ||     1
Armor: Robe              ||    10
Dodge: Dodged            ||    56

Table legend: (Time is in decaauts)
 A = Elapsed time spent in this place.
 B = Non-inter-level travel time spent in this place.
 C = Inter-level travel time spent in this place.
 D = Time resting spent in this place.
 E = Time spent auto-exploring this place.
 F = Levels seen in this place.
 G = Mean time per level.
                   A        B        C        D        E       F      G
               +--------+--------+--------+--------+--------+-----+--------+
         Total |   1617 |   1600 |     17 |      0 |   1376 |   2 |  808.5 |
       Dungeon |   1617 |   1600 |     17 |      0 |   1376 |   2 |  808.5 |
               +--------+--------+--------+--------+--------+-----+--------+

Top non-repeatable levels by time:
     D:1: 1398 daAuts
     D:2: 218 daAuts
